 Dungeon Crawl Stone Soup version 0.29-a0-838-g385bb11a5b (webtiles) character file.

Game seed: 12217527454127523101

3115 gruber the Destroyer (level 9, -3/52 HPs)
             Began as a Tengu Conjurer on July 13, 2022.
             Slain by Joseph
             ... wielding a +0 quarterstaff
              (12 damage)
             ... on level 7 of the Dungeon.
             The game lasted 00:09:01 (8565 turns).

gruber the Destroyer (Tengu Conjurer)               Turns: 8565, Time: 00:09:01

Health: -3/52      AC:  3    Str:  7    XL:     9   Next: 91%
Magic:  6/19       EV: 20    Int: 22    God:
Gold:   186        SH:  0    Dex: 17    Spells: 13/20 levels left

rFire   + . .      SeeInvis .   m - +4 whip (pain)
rCold   + . .      Faith    .   (no shield)
rNeg    + + .      Spirit   .   F - +0 robe {rN+}
rPois   .          Reflect  .   (helmet restricted)
rElec   .          Harm     .   G - scarf {rC+ rF+}
rCorr   .          Rampage  .   H - +0 pair of gloves {Dex+3}
Will    .....                   (boots unavailable)
Stlth   ++........              o - amulet of regeneration
HPRegen 0.97/turn               f - ring of positive energy
MPRegen 0.16/turn               (no ring)

@: flying quickly and evasively, quick
A: beak, talons 3, nimble flight
a: no special abilities


You were on level 7 of the Dungeon.
You visited 1 branch of the dungeon, and saw 7 of its levels.

You collected 388 gold pieces.
You spent 202 gold pieces at shops.

Inventory:

Hand Weapons
 d - a +1 dagger of draining
 g - a +1 mace of protection
 m - a +4 whip of pain (weapon)
Missiles
 I - 5 throwing nets
Armour
 F - a +0 robe of positive energy (worn)
 G - a scarf of resistance (worn)
 H - a +0 pair of gloves of dexterity (worn)
Jewellery
 f - a ring of positive energy (left hand)
 o - an amulet of regeneration (around neck)
Wands
 t - a wand of mindburst (9)
 u - a wand of flame (21)
 C - a wand of paralysis (5)
 D - a wand of digging (2)
Scrolls
 a - a scroll of teleportation {unknown}
 e - 10 scrolls of identify {unknown}
 h - 2 scrolls of vulnerability {unknown}
 k - 2 scrolls of amnesia {unknown}
 n - 3 scrolls of fear {unknown}
 p - a scroll of fog {unknown}
 r - 3 scrolls of noise {unknown}
 v - 2 scrolls of magic mapping {unknown}
 w - 2 scrolls of immolation {unknown}
 y - 2 scrolls of brand weapon {unknown}
 z - 2 scrolls of enchant weapon {unknown}
 B - 2 scrolls of torment {unknown}
 E - 2 scrolls of poison {unknown}
Potions
 b - a potion of magic
 c - 2 potions of mutation {unknown}
 i - 2 potions of flight {unknown}
 j - 5 potions of curing
 l - 2 potions of haste {unknown}
 q - a potion of degeneration {unknown}
 s - 2 potions of berserk rage {unknown}
 x - 2 potions of attraction {unknown}
 A - 3 potions of lignification {unknown}
 J - a potion of heal wounds {unknown}


   Skills:
 - Level 4.3 Fighting
 - Level 9.1 Dodging
 - Level 2.0 Stealth
 - Level 6.0 Spellcasting
 * Level 11.1 Conjurations


You had 13 spell levels left.
You knew the following spells:

 Your Spells              Type           Power      Damage    Failure   Level
a - Magic Dart            Conj           100%       1d8       1%          1
b - Searing Ray           Conj           100%       2d8       1%          2
c - Fulminant Prism       Conj/Hex       15%        3d11      9%          4

Your spell library contained the following spells:

 Spells                   Type           Power      Damage    Failure   Level
 Dazzling Flash           Conj/Hex       62%        N/A       2%          3
 Iskenderun's Mystic Bla  Conj/Tloc      31%        2d8       9%          4


Dungeon Overview and Level Annotations

Branches:
Dungeon (7/15)             Temple (0/1) D:7

Altars:
Fedhas
Hepliaklqana
Qazlal
Wu Jian

Shops:
D:3 [

Annotations:
D:7 Joseph


Innate Abilities, Weirdness & Mutations

You have a beak for a mouth.
You have claws for feet.
Your magical nature lets you fly swiftly and evasively.


Message History

The searing ray hits Joseph!
Joseph is moderately wounded. (Press . to maintain the ray.) Joseph hits you with a +0 quarterstaff!
The searing ray hits Joseph!
Joseph is heavily wounded.
Joseph says, "I'm here to kill trespassers.
I like my job."
Joseph completely misses you.
The searing ray hits Joseph!
Joseph is heavily wounded.
A steam dragon comes into view.
Joseph hits you with a +0 quarterstaff!
The searing ray hits Joseph.
Joseph is severely wounded.
You finish channelling your searing ray.
Joseph misses you.
Casting: Searing Ray (safe; 1% risk of failure)
Confirm with . or Enter, or press ? or * to list all spells.
Aiming: Searing Ray (safe; 1% risk of failure)
Press: ? - help, Shift-Dir - straight line, f/p - Joseph
Aim: Joseph, wielding a +0 quarterstaff and wearing a +0 leather armour (severely wounded, 83% to hit)
The searing ray hits Joseph!
Joseph is severely wounded.
The searing ray hits the steam dragon.
The steam dragon is lightly wounded.
The steam dragon hisses angrily. (Press . to maintain the ray.) Joseph hits you with a +0 quarterstaff.
The searing ray hits Joseph!
Joseph is almost dead.
The searing ray hits the steam dragon!
The steam dragon is heavily wounded.
Joseph hits you with a +0 quarterstaff!
* * * LOW HITPOINT WARNING * * *
The searing ray hits Joseph.
Joseph is almost dead.
The searing ray hits the steam dragon.
The steam dragon is heavily wounded.
Joseph hits you with a +0 quarterstaff!
You die...

#............#
#............#
##........<...#
#.............#
####.............#
.................#
......##..########
...... #@D# ....
#@.# .@. #..# ..
#..# . #..# ##>#
###


You could see Joseph and a steam dragon.

Vanquished Creatures
  A two-headed ogre (D:6)
  Grinder (D:6)
  Sigmund (D:3)
  A steam dragon (D:7)
  Menkaure (D:7)
  A water moccasin (D:6)
  A sky beast (D:7)
  An ice beast (D:6)
  An ogre (D:4)
  A phantom (D:5)
  A bullfrog (D:6)
  A necrophage (D:7)
  4 scorpions
  A gnoll sergeant (D:6)
  5 wights (D:7)
  A jelly (D:7)
  A gnoll bouda (D:7)
  9 orc priests
  3 iguanas (D:6)
  2 orc wizards
  Robin (D:3)
  15 gnolls
  6 adders
  A shadow imp (D:7)
  A worm (D:4)
  4 dart slugs
  24 orcs
  6 endoplasms
  3 giant cockroaches
  18 goblins
  5 hobgoblins
  5 jackals
  3 quokkas
  10 ball pythons
  6 bats
  6 frilled lizards
  7 kobolds
  3 rats
162 creatures vanquished.

Notes
Turn   | Place    | Note
-------+----------+-------------------------------------------
     0 | D:1      | gruber the Tengu Conjurer began the quest for the Orb.
     0 | D:1      | Reached XP level 1. HP: 10/10 MP: 4/4
   180 | D:1      | Reached XP level 2. HP: 15/15 MP: 1/6
   327 | D:1      | Reached skill level 6 in Conjurations
   810 | D:1      | Reached XP level 3. HP: 19/19 MP: 5/7
  1239 | D:2      | Found a faded altar of an unknown god.
  1489 | D:2      | Reached skill level 7 in Conjurations
  1643 | D:2      | Learned a level 2 spell: Searing Ray
  1988 | D:3      | Noticed Sigmund
  2003 | D:3      | Killed Sigmund
  2004 | D:3      | Reached skill level 9 in Conjurations
  2004 | D:3      | Reached XP level 4. HP: 7/24 MP: 1/8
  2004 | D:3      | Gained mutation: Your magical nature lets you fly swiftly
                  | and evasively. [Tengu growth]
  2004 | D:3      | Reached XP level 5. HP: 8/28 MP: 1/9
  2293 | D:3      | Found Bigrou's Antique Armour Boutique.
  2395 | D:3      | Reached XP level 6. HP: 32/32 MP: 5/10
  3038 | D:3      | Noticed Robin
  4070 | D:4      | Reached skill level 10 in Conjurations
  4389 | D:5      | Entered Level 5 of the Dungeon
  4469 | D:5      | Reached XP level 7. HP: 36/36 MP: 5/12
  5010 | D:5      | Found a blossoming altar of Fedhas.
  5011 | D:5      | Found a stormy altar of Qazlal.
  5035 | D:5      | Found an ornate altar of the Wu Jian Council.
  5035 | D:5      | Found a hazy altar of Hepliaklqana.
  5785 | D:6      | Reached skill level 5 in Spellcasting
  5936 | D:6      | Reached XP level 8. HP: 28/41 MP: 11/17
  6031 | D:6      | Noticed a two-headed ogre
  6485 | D:3      | Bought a pair of glowing gloves for 202 gold pieces
  6508 | D:3      | Killed Robin
  6868 | D:6      | Noticed Grinder
  6882 | D:6      | Killed Grinder
  6883 | D:6      | Reached skill level 5 in Dodging
  7463 | D:6      | Killed a two-headed ogre
  7464 | D:6      | Reached XP level 9. HP: 45/45 MP: 11/19
  7727 | D:7      | Reached skill level 1 in Fighting
  7966 | D:7      | Noticed Menkaure
  7975 | D:7      | Killed Menkaure
  8081 | D:7      | Found a staircase to the Ecumenical Temple.
  8318 | D:7      | Learned a level 4 spell: Fulminant Prism
  8474 | D:7      | Reached skill level 11 in Conjurations
  8547 | D:7      | Noticed Joseph
  8565 | D:7      | Slain by Joseph

Illustrated notes

Levels and vault maps discovered:
D:1:      saegor_arrival_miasma, layout_basic
D:2:      layout_rooms, hellmonk_ecumenical_altar_lost_god,
          chequers_serial_rivers_small_a
D:3:      kennysheep_goblin_castle, layout_loops_ring, serial_shops, shop,
          minmay_door_square, hangedman_decor_slide_cut, chequers_garden,
          nicolae_titane, uniq_sigmund
D:4:      layout_basic, minivault_26
D:5:      layout_loops_corners, grunt_temple_overflow_open
D:6:      layout_cave_pools, roderic_st_hans_cross, uniq_grinder
D:7:      layout_basic, minmay_temple_entry_trees, minmay_ruffians, uniq_joseph,
          uniq_menkaure

Skill      XL: |  1  2  3  4  5  6  7  8  9 |
---------------+----------------------------+-----
Conjurations   | 6 9 10 11 | 11.1
Spellcasting   | 5 6 |  6.0
Dodging        | 8 9 |  9.1
Fighting       | 4 |  4.3
Stealth        | |  2.0

Action                   |  1- 3 |  4- 6 |  7- 9 || total
-------------------------+-------+-------+-------++-------
Melee: Mace              |     3 |       |       ||     3
       Whip              |     8 |    11 |    39 ||    58
       Peck              |     1 |       |     8 ||     9
       Kick              |     1 |       |     5 ||     6
       Punch             |       |       |     2 ||     2
 Cast: Magic Dart        |    75 |    63 |    83 ||   221
       Searing Ray       |     1 |     5 |    59 ||    65
Evoke: Wand              |       |       |     1 ||     1
 Stab: Sleeping          |     1 |       |       ||     1
Armor: Robe              |     3 |     2 |    10 ||    15
Dodge: Dodged            |    11 |    16 |    69 ||    96

Table legend: (Time is in decaauts)
 A = Elapsed time spent in this place.
 B = Non-inter-level travel time spent in this place.
 C = Inter-level travel time spent in this place.
 D = Time resting spent in this place.
 E = Time spent auto-exploring this place.
 F = Levels seen in this place.
 G = Mean time per level.
                   A        B        C        D        E       F      G
               +--------+--------+--------+--------+--------+-----+--------+
         Total |   8242 |   7809 |    433 |    217 |   6478 |   7 | 1177.4 |
       Dungeon |   8242 |   7809 |    433 |    217 |   6478 |   7 | 1177.4 |
               +--------+--------+--------+--------+--------+-----+--------+

Top non-repeatable levels by time:
     D:3: 1777 daAuts
     D:5: 1418 daAuts
     D:6: 1417 daAuts
     D:1: 1221 daAuts
     D:7: 948 daAuts
     D:4: 827 daAuts
     D:2: 632 daAuts
